 Dungeon Crawl Stone Soup version 0.22-a0-571-g4a923d4 (webtiles) character file.

153 kae the Chopper (level 5, -2/48 HPs)
             Began as a Hill Orc Fighter on July 1, 2018.
             Slain by Natasha (4 damage)
             ... on level 3 of the Dungeon.
             The game lasted 00:00:56 (1662 turns).

kae the Chopper (Hill Orc Fighter)                  Turns: 1662, Time: 00:00:57

Health: -2/48      AC:  6    Str: 25    XL:     5   Next: 35%
Magic:  5/5        EV:  7    Int:  8    God:
Gold:   114        SH:  9    Dex: 10    Spells: 4/4 levels left

rFire    . . .     SeeInvis .   a - +0 war axe
rCold    . . .     Gourm    .   c - +0 shield
rNeg     . . .     Faith    .   b - +0 scale mail
rPois    .         Spirit   .   (no helmet)
rElec    .         Reflect  .   (no cloak)
rCorr    .         Harm     .   (no gloves)
MR       .....                  (no boots)
Stlth    ..........             (no amulet)
HPRegen  0.16/turn              (no ring)
MPRegen  0.09/turn              (no ring)

@: mighty
A: no striking features
a: no special abilities


You were on level 3 of the Dungeon.
You were very hungry.

You visited 1 branch of the dungeon, and saw 3 of its levels.

You collected 114 gold pieces.

Inventory:

Hand Weapons
 a - a +0 war axe (weapon)
Armour
 b - a +0 scale mail (worn)
 c - a +0 shield (worn)
Scrolls
 e - a scroll of remove curse {unknown}
 g - a scroll of fear {unknown}
 j - a scroll of immolation {unknown}
 k - 2 scrolls of magic mapping {unknown}
 n - 2 scrolls of identify {unknown}
Potions
 h - 3 potions of lignification {unknown}
 i - a potion of brilliance {unknown}
 l - a potion of degeneration {unknown}
 m - a potion of curing {unknown}
Comestibles
 f - 11 rations


   Skills:
 + Level 5.0 Fighting
 * Level 6.1 Axes
 - Level 3.2 Armour
 - Level 3.2 Shields


You had 4 spell levels left.
You didn't know any spells.
Your spell library was empty.

Dungeon Overview and Level Annotations

Branches:
Dungeon (3/15)

Altars:

Annotations:
D:3 1 runed door, Natasha; ThereIsNoGod's ghost, amateur DsAK


Message History

* * * LOW HITPOINT WARNING * * *
Natasha claws you.
* * * LOW HITPOINT WARNING * * *
Your shield prevents you from hitting Natasha.
Natasha is heavily wounded.
You slash Jessica!
You kill Jessica!
Your Fighting skill increases to level 5!
Your Axes skill increases to level 6!
Natasha claws you!
* * * LOW HITPOINT WARNING * * *
You completely miss Natasha.
Natasha is heavily wounded.
Natasha claws you.
* * * LOW HITPOINT WARNING * * *
You are feeling very hungry.
You closely miss Natasha.
Natasha is heavily wounded.
Natasha claws you.
You die...

##### .
#...#########..
#...##....=..
#...#......#
#...#..h...# ######
#...#..@)..#
......####...##.#####.
.......+...'.........
# ......#...##.#####.#
# ...##.#.##...##.# #
.>................ . #
#...)#.#######...
...... # #<.
#.########### #....#
###### # #......#
#....# #.....


You could see Natasha.

Vanquished Creatures
  Jessica (D:3)
  4 adders
  2 worms (D:2)
  4 dart slugs
  4 leopard geckos (D:1)
  8 bats
  5 giant cockroaches
  10 goblins
  5 hobgoblins
  6 jackals (D:1)
  2 quokkas
  7 frilled lizards
  4 kobolds
  9 rats
71 creatures vanquished.

Notes
Turn   | Place    | Note
-------+----------+-------------------------------------------
     0 | D:1      | kae the Hill Orc Fighter began the quest for the Orb.
     0 | D:1      | Reached XP level 1. HP: 19/19 MP: 1/1
   100 | D:1      | Reached skill level 3 in Axes
   123 | D:1      | Reached XP level 2. HP: 26/27 MP: 2/2
   305 | D:1      | Reached skill level 4 in Axes
   316 | D:1      | Reached XP level 3. HP: 27/33 MP: 3/3
  1098 | D:2      | Reached XP level 4. HP: 41/41 MP: 4/4
  1123 | D:2      | Reached skill level 5 in Axes
  1415 | D:2      | Reached XP level 5. HP: 42/47 MP: 5/5
  1496 | D:3      | Noticed ThereIsNoGod's ghost (amateur DsAK)
  1497 | D:3      | Found a runed door.
  1584 | D:3      | Noticed a hippogriff
  1641 | D:3      | Noticed Jessica
  1642 | D:3      | Noticed Natasha
  1660 | D:3      | Killed Jessica
  1660 | D:3      | Reached skill level 5 in Fighting
  1660 | D:3      | Reached skill level 6 in Axes
  1661 | D:3      | HP: 1/48 [Natasha (4)]
  1662 | D:3      | Slain by Natasha

Vault maps used:
D:1:      nagdon_arrival_zigzag_paths, minmay_misc_feat_pillars,
          kennysheep_minor_cross
D:3:      first_ration, hellmonk_ghost_happy_afterlife, lightli_corner_chamber,
          uniq_jessica, uniq_natasha

Skill      XL: |  1  2  3  4  5 |
---------------+----------------+-----
Axes           | 3 4 5 6 |  6.1
Fighting       | 4 5 |  5.0
Armour         | |  3.2
Shields        | |  3.2

Action                   |  1- 3 |  4- 6 || total
-------------------------+-------+-------++-------
Melee: War axe           |   133 |   104 ||   237
  Use: Potion            |       |     1 ||     1
  Eat: Chunk             |       |     2 ||     2
Armor: Scale mail        |    55 |    56 ||   111
Dodge: Dodged            |    49 |    33 ||    82
Block: Shield            |    75 |    44 ||   119

Table legend:
 A = Spawn XP
 B = Non-spawn XP
 C = Spawn XP percentage of total XP
 D = Spawn monster count
 E = Non-spawn monster count
 F = Spawn count percentage of total count
 G = Total turns spent on level
                    A         B        C        D         E        F      G
               +---------+---------+-------+---------+---------+-------+---------
         Total |       0 |     219 |   0.0 |       0 |      71 |   0.0 |  1662
               +---------+---------+-------+---------+---------+-------+---------
           D:1 |       0 |      68 |   0.0 |       0 |      36 |   0.0 |  1033
           D:2 |       0 |      97 |   0.0 |       0 |      30 |   0.0 |   440
           D:3 |       0 |      54 |   0.0 |       0 |       5 |   0.0 |   189
               +---------+---------+-------+---------+---------+-------+---------
